Map: Merry Go Round LE

Players

couchman

  • Race: Terran Terran
  • Spawn Location: 6:00

HORSES

  • Race: Zerg Zerg
  • Spawn Location: 1:00

BillyCoen - Winner!

  • Race: Protoss Protoss
  • Spawn Location: 11:00

VOD

Have the link to the VOD?

Description

Time

  • Played on: Dec. 10, 2021, 5:45 a.m.
  • Length: 50:18
Show
View Real Time Build Order
Export as new Build Order

couchman Terran 

Build Orders:  

Get SALT Encoding   

  12  0:01  SCV  
  13  0:13  SCV  
  14  0:25  SCV  
  14  0:26  Supply Depot  
  15  0:45  Supply Depot  
  15  0:47  SCV  
  16  0:52  Supply Depot  
  16  0:59  SCV  
  17  1:12  SCV  
  17  1:14  Barracks  
  18  1:23  Barracks  
  18  1:24  SCV  
  19  1:31  Refinery  
  19  2:00  Marine  
  20  2:02  Command Center  
  20  2:13  Bunker  
  20  2:18  Marine  
  21  2:33  Engineering Bay  
  21  2:36  Marine  
  22  2:40  SCV  
  23  2:56  Marine  
  23  2:57  Command Center  
  24  3:07  SCV  
  25  3:13  Marine  
  25  3:19  SCV  
  27  3:23  Marine  
  28  3:31  Marine, SCV  
  30  3:41  Marine  
  30  3:43  SCV  
  30  3:45  SCV  
  33  3:49  Marine  
  33  3:55  SCV  
  35  3:57  SCV  
  35  3:59  Marine  
  37  4:07  Marine, SCV  
  37  4:09  Terran Infantry Weapons Level 1, SCV  
  40  4:16  Marine  
  41  4:17  Bunker  
  41  4:19  SCV  
  42  4:25  Marine  
  43  4:34  Barracks  
  43  4:37  SCV  
  44  4:42  Marine  
  44  4:43  Refinery  
  45  4:49  SCV  
  45  4:50  Marine  
  47  5:00  Marine  
  47  5:01  SCV  
  49  5:08  Marine  
  49  5:11  SCV  
  49  5:13  SCV  
  52  5:18  Marine  
  53  5:23  SCV  
  53  5:25  SCV  
  53  5:26  Marine  
  56  5:36  SCV  
  57  5:43  Marine  
  57  5:47  Command Center  
  57  5:48  SCV  
  59  5:53  Factory  
  59  6:00  SCV  
  59  6:01  Marine  
  59  6:03  Terran Infantry Armor Level 1  
  61  6:12  SCV  
  62  6:20  Marine  
  62  6:21  Marine  
  62  6:24  SCV  
  65  6:29  Supply Depot  
  65  6:31  Supply Depot  
  65  6:33  Supply Depot  
  65  6:36  SCV  
  65  6:38  Marine  
  65  6:39  Marine  
  68  6:44  Armory, Factory Tech Lab  
  68  6:48  SCV  
  68  6:53  Marine  
  70  6:56  Marine  
  70  6:57  Marine  
  72  7:08  Siege Tank  
  72  7:11  Marine  
  72  7:14  Marine  
  72  7:15  Marine  
  78  7:29  Marine, Refinery  
  79  7:32  Marine  
  79  7:33  Marine  
  81  7:41  Siege Tank  
  84  7:47  Marine  
  84  7:57  Neosteel Armor  
  81  8:04  Marine  
  81  8:05  Marine x2  
  83  8:22  Marine  
  83  8:23  Marine x2  
  86  8:27  SCV  
  86  8:34  Refinery  
  87  8:39  SCV  
  87  8:40  Marine x2  
  87  8:41  Marine  
  85  8:51  SCV  
  80  8:58  Marine x3  
  80  9:02  Siege Tank  
  86  9:04  SCV  
  87  9:13  Barracks  
  87  9:15  Terran Vehicle Weapons Level 1  
  87  9:16  Marine x2, SCV  
  90  9:25  Marine  
  90  9:29  SCV  
  92  9:32  SCV  
  92  9:34  Marine x2, Siege Tank  
  92  9:35  SCV  
  92  9:37  Terran Infantry Weapons Level 2  
  99  9:41  SCV  
  99  9:42  Marine  
  99  9:44  SCV  
  102  9:47  SCV  
  102  9:52  Marine x2  
  105  9:56  SCV  
  105  9:59  SCV  
  107  10:00  Marine  
  107  10:04  Starport  
  108  10:18  Supply Depot  
  108  10:24  Supply Depot  
  108  10:39  Marine x3, SCV  
  108  10:40  SCV  
  108  10:42  Supply Depot  
  95  10:52  SCV x2  
  86  10:57  Marine x3  
  86  11:04  SCV  
  86  11:06  Bunker  
  86  11:09  Terran Vehicle And Ship Armor Level 1  
  86  11:13  Bunker  
  86  11:15  Marine x2  
  86  11:16  SCV  
  86  11:17  Marine  
  90  11:26  Siege Tank  
  90  11:30  SCV  
  94  11:33  Marine x2  
  94  11:35  Marine  
  97  11:40  Refinery  
  97  11:42  SCV  
  97  11:46  Viking  
  100  11:51  Marine x2  
  100  11:53  Marine, Terran Infantry Armor Level 2  
  103  11:54  SCV, Refinery  
  103  11:59  Siege Tank  
  107  12:04  SCV  
  107  12:05  Marine  
  107  12:06  SCV  
  110  12:08  Marine x2  
  110  12:11  Marine  
  113  12:16  Viking, SCV  
  113  12:18  SCV  
  113  12:19  Refinery  
  117  12:23  Marine  
  117  12:26  Marine x2  
  117  12:28  SCV  
  117  12:29  Marine  
  122  12:31  Siege Tank  
  125  12:40  SCV  
  125  12:41  Marine  
  127  12:46  Viking  
  129  12:58  Barracks  
  129  12:59  Marine  
  129  13:03  Terran Vehicle Weapons Level 2  
  130  13:16  Viking  
  132  13:26  Command Center  
  132  14:07  Supply Depot  
  132  14:09  Terran Infantry Weapons Level 3  
  132  14:28  Marine x3, Viking  
  132  14:29  Siege Tank  
  140  14:32  Supply Depot  
  140  14:38  Marine x2  
  142  14:46  Marine x2  
  144  14:55  Marine x2  
  144  14:58  Viking  
  148  15:01  Siege Tank  
  148  15:02  Planetary Fortress  
  148  15:04  Marine x2  
  153  15:13  Marine  
  154  15:15  SCV  
  154  15:19  Terran Vehicle And Ship Armor Level 2  
  155  15:22  Marine x2  
  155  15:27  SCV  
  158  15:28  Viking  
  158  15:31  Marine  
  161  15:39  Marine, SCV  
  163  15:44  Refinery  
  163  16:24  Barracks Reactor x2  
  163  16:26  Barracks Reactor  
  163  16:46  SCV, Terran Infantry Armor Level 3  
  162  16:48  Viking  
  162  16:50  Siege Tank  
  142  17:00  Marine  
  136  17:18  Marine, Viking  
  136  17:22  Siege Tank  
  142  17:34  Marine x6  
  142  17:35  Terran Vehicle Weapons Level 3  
  142  17:36  Marine  
  149  17:43  SCV  
  150  17:47  SCV  
  150  17:48  Viking  
  153  17:51  Marine  
  153  17:52  Marine x5  
  153  17:54  Marine, Siege Tank  
  163  17:59  Bunker  
  163  18:11  SCV  
  163  18:12  Marine  
  163  18:13  Marine  
  163  18:14  Marine  
  163  18:16  Marine, SCV  
  163  18:17  Marine  
  163  18:20  Marine  
  163  18:30  Marine x2  
  163  18:32  Marine  
  163  18:42  Marine x2  
  163  18:43  Marine  
  163  18:44  Marine, SCV  
  148  19:07  Marine  
  148  19:12  Viking  
  148  19:13  Siege Tank  
  144  19:23  Hi-Sec Auto Tracking  
  131  19:25  Marine  
  119  19:42  Viking  
  119  19:43  Marine  
  109  20:00  Marine  
  109  20:01  Marine x4  
  109  20:03  Marine x2  
  115  20:12  Terran Ship Weapons Level 1  
  95  20:18  Marine x2  
  95  20:19  Marine x2  
  95  20:21  Marine x2  
  85  20:25  Bunker  
  85  20:27  Bunker  
  79  20:29  Bunker  
  79  20:30  Bunker  
  79  20:32  Bunker  
  67  20:45  Marine x2  
  67  20:47  Marine x2  
  67  20:49  Marine x2  
  54  20:54  Bunker  
  54  21:12  Supply Depot  
  54  21:13  Supply Depot  
  54  21:16  Supply Depot  
  54  21:18  Supply Depot  
  54  21:20  Supply Depot  
  54  21:22  Marine x4  
  54  21:27  Marine x2  
  54  21:32  Barracks  
  54  21:34  Barracks  
  54  21:35  Barracks  
  54  21:38  Barracks  
  54  21:40  Marine x4  
  54  21:45  Marine x2, Bunker  
  60  21:58  Marine x4  
  64  22:03  Marine x2  
  66  22:14  Bunker x2  
  66  22:15  Bunker  
  66  22:16  Marine, Bunker  
  66  22:17  Terran Vehicle And Ship Armor Level 3  
  66  22:19  Bunker  
  66  22:20  Marine  
  68  22:23  Marine x3  
  68  22:24  Marine  
  68  22:26  Bunker  
  72  22:31  Supply Depot  
  72  22:33  Marine  
  72  22:34  Supply Depot  
  73  22:38  Marine, Supply Depot  
  73  22:39  Supply Depot  
  73  22:40  Supply Depot  
  73  22:41  Marine x4  
  73  22:43  Supply Depot  
  78  22:51  Marine  
  78  22:56  Marine, Planetary Fortress  
  80  22:59  Marine x4  
  84  23:08  Starport Tech Lab  
  84  23:09  Marine  
  85  23:14  Marine  
  85  23:17  Marine x4  
  90  23:26  Supply Depot  
  88  23:27  Marine, Supply Depot  
  88  23:29  Supply Depot  
  88  23:31  Supply Depot x2  
  88  23:32  Marine, Supply Depot  
  90  23:34  Marine x2  
  90  23:35  Marine x2  
  90  23:40  Barracks Reactor  
  90  23:41  Barracks Reactor x2  
  92  23:45  Marine  
  93  23:49  Marine  
  93  23:52  Marine x3  
  93  23:53  Marine  
  93  23:54  Barracks Tech Lab  
  98  24:01  Bunker  
  98  24:02  Marine  
  98  24:07  Marine  
  100  24:10  Marine x3  
  100  24:13  Bunker  
  101  24:28  Marine x2  
  103  24:46  Marine  
  104  24:57  Marine  
  104  24:58  Marine x6  
  111  25:15  Marine x2  
  111  25:16  Marine x5  
  111  25:18  Marine x2  
  111  25:19  Marine x4  
  124  25:27  Barracks  
  124  25:33  Marine x3  
  124  25:34  Marine x4  
  131  25:36  Marine x3  
  131  25:37  Marine x3  
  131  25:38  Refinery  
  137  25:51  Marine x3  
  137  25:54  Marine x5  
  137  25:55  Marine  
  137  25:56  Bunker  
  125  26:12  Marine x6  
  59  26:42  Marine x5  
  59  26:43  Marine  
  65  26:49  Marine x7  
  72  27:00  Marine x6  
  72  27:01  Banshee  
  81  27:06  Marine  
  81  27:07  Marine x6  
  88  27:17  Marine  
  88  27:18  Marine x5  
  88  27:19  Fusion Core  
  94  27:24  Marine x2  
  94  27:25  Marine x5  
  101  27:32  Factory  
  101  27:35  Marine x2  
  101  27:36  Marine x4  
  107  27:42  Marine x4  
  107  27:43  Marine x3, Banshee  
  113  28:01  Marine  
  113  28:03  SCV  
  115  28:07  Marine  
  115  28:08  Marine x5  
  121  28:15  SCV  
  121  28:19  Marine  
  123  28:21  Factory Reactor  
  123  28:24  Barracks Reactor  
  123  28:25  Marine x2  
  123  28:26  Marine x4, Banshee  
  132  28:28  SCV  
  133  28:36  Marine  
  133  28:37  Starport, Supply Depot  
  134  28:43  Marine x4  
  134  28:44  Marine x2  
  140  28:53  Bunker  
  140  28:54  Marine  
  141  29:01  Marine x5  
  141  29:02  Marine  
  147  29:09  Banshee  
  147  29:12  Marine  
  101  29:38  Marine x3  
  97  29:39  Marine x5  
  94  29:52  Banshee  
  88  29:56  Marine x4  
  88  29:57  Marine x4  
  96  30:14  Marine x5  
  96  30:15  Marine x3  
  104  30:32  Marine x6  
  104  30:33  Marine x2  
  104  30:34  Command Center  
  66  34:52  Command Center  
  6  36:17  SCV  
  7  36:29  SCV  
  8  37:00  SCV  
  9  37:15  SCV  
  10  37:43  SCV  
  11  37:55  SCV  
  12  38:07  SCV  
  13  38:19  SCV  
  14  38:44  Supply Depot  
  14  38:46  Supply Depot  
  14  38:51  SCV  
  15  39:06  SCV  
  16  39:16  Barracks  
  16  39:18  SCV  
  17  40:49  Command Center  
  17  42:16  SCV  
Show
View Real Time Build Order
Export as new Build Order

HORSES Zerg 

Build Orders: Pool First 

Get SALT Encoding   

  12  0:22  Drone x2  
  12  0:25  Overlord  
  14  0:39  Overlord  
  14  1:00  Drone x2  
  16  1:07  Drone  
  17  1:16  Spawning Pool  
  16  1:19  Overlord  
  16  1:28  Drone  
  17  1:43  Extractor  
  16  1:50  Drone x2  
  18  2:10  Drone  
  18  2:14  Zergling x2  
  20  2:15  Queen  
  20  2:21  Drone  
  23  2:48  Drone x2, Hatchery  
  24  3:11  Extractor  
  23  3:13  Drone x2  
  25  3:34  Drone  
  25  3:35  Drone  
  27  3:48  Extractor  
  27  3:51  Drone x2  
  28  4:12  Drone x2  
  30  4:27  Drone  
  30  4:28  Drone x2  
  33  4:42  Drone x2  
  35  4:46  Zergling x2  
  35  4:51  Drone  
  37  5:18  Evolution Chamber  
  37  5:21  Drone x2  
  38  5:24  Drone  
  38  5:25  Drone x3  
  42  5:40  Queen  
  44  5:51  Overlord x2  
  44  5:56  Overlord x3  
  44  6:09  Spine Crawler  
  43  6:17  Spore Crawler  
  42  6:19  Drone x2  
  42  6:22  Drone x3  
  42  6:23  Drone  
  48  6:55  Drone x3  
  51  7:10  Zerg Melee Weapons Level 1  
  51  7:11  Spawning Pool  
  51  7:12  Metabolic Boost  
  50  7:16  Zergling x6  
  49  7:52  Zergling x10  
  49  7:53  Zergling x2  
  55  8:24  Zergling x4  
  55  8:25  Zergling x2  
  58  8:31  Queen  
  60  8:58  Zergling x6  
  63  9:04  Zerg Missile Weapons Level 1  
  63  9:45  Zergling x6  
  66  9:55  Drone  
  67  10:07  Spine Crawler  
  66  10:10  Spine Crawler  
  65  10:14  Spore Crawler  
  65  10:17  Spore Crawler  
  63  10:24  Baneling Nest  
  63  10:27  Lair  
  62  10:29  Lair  
  62  10:31  Zergling x6  
  62  10:35  Zergling x6  
  68  10:59  Zerg Ground Armor Level 1  
  68  11:00  Spawning Pool  
  68  11:02  Extractor  
  66  11:59  Zergling x4  
  66  12:00  Zergling x2  
  69  12:04  Overlord x3  
  69  12:12  Drone  
  70  12:17  Drone  
  69  13:30  Spine Crawler  
  69  13:33  Spine Crawler  
  67  13:36  Spine Crawler  
  66  14:20  Hatchery  
  65  14:27  Spine Crawler  
  65  14:31  Spine Crawler  
  63  14:40  Spine Crawler  
  62  15:12  Burrow  
  62  15:15  Pneumatized Carapace  
  62  15:22  Drone  
  62  15:23  Drone  
  62  15:24  Drone  
  65  15:30  Zergling x6  
  68  15:50  Spine Crawler  
  68  15:51  Spine Crawler  
  68  15:53  Spine Crawler  
  65  15:57  Spine Crawler  
  65  16:02  Spine Crawler  
  63  16:08  Zergling x6  
  63  16:11  Zergling x6  
  69  16:31  Zergling x2  
  69  16:32  Zergling x4  
  72  16:43  Extractor  
  71  16:50  Spine Crawler  
  70  16:56  Spine Crawler  
  69  17:09  Zergling x2  
  69  17:10  Zergling x4  
  72  17:34  Hydralisk Den  
  71  17:40  Infestation Pit  
  71  17:42  Drone x2  
  72  17:44  Spire  
  72  17:45  Zergling x2  
  72  18:02  Nydus Network  
  71  18:07  Lurker Den  
  55  18:44  Zergling x2  
  55  18:45  Zergling x4  
  27  19:25  Zergling x6  
  27  19:31  Zergling x6  
  32  19:34  Zergling x6  
  32  20:27  Hatchery  
  31  20:39  Mutalisk x3  
  37  20:48  Mutalisk x3  
  43  21:16  Hatchery  
  42  21:31  Mutalisk x3  
  48  21:34  Mutalisk  
  48  21:35  Mutalisk x2  
  53  21:40  Grooved Spines  
  53  21:41  Pathogen Glands  
  53  21:42  Zerg Flyer Weapons Level 1  
  53  21:45  Hive  
  53  21:47  Mutalisk  
  53  21:50  Mutalisk  
  57  22:13  Drone x3  
  57  22:14  Hatchery  
  59  22:37  Neural Parasite  
  59  22:51  Muscular Augments  
  59  23:37  Zerg Flyer Armor Level 1  
  59  23:42  Drone  
  59  23:43  Drone  
  61  23:53  Hydralisk  
  61  23:54  Hydralisk  
  65  23:56  Hydralisk  
  67  24:03  Hydralisk x3  
  73  24:30  Zergling x6  
  76  24:43  Spawning Pool  
  75  24:56  Spire  
  74  25:02  Infestation Pit  
  73  25:12  Baneling Nest  
  73  25:13  Zerg Melee Weapons Level 2  
  72  25:14  Adrenal Glands  
  72  25:20  Zergling x2  
  72  25:21  Zergling x4  
  75  25:24  Adaptive Talons  
  75  25:26  Centrifugal Hooks  
  75  25:57  Zergling x6  
  75  25:58  Spine Crawler  
  75  26:01  Spine Crawler  
  76  26:09  Overlord x3  
  76  26:20  Zergling x2  
  76  26:21  Seismic Spines  
  76  26:24  Zergling x2  
  76  26:25  Zergling x4  
  80  27:28  Zerg Missile Weapons Level 2  
  74  28:05  Drone x3  
  77  28:12  Zergling x6  
  80  28:17  Zergling x6  
  83  28:21  Zergling x6  
  86  28:42  Drone x2  
  86  28:46  Queen  
  90  28:48  Drone  
  63  29:44  Zerg Ground Armor Level 2  
  63  29:53  Mutalisk x3  
  63  29:56  Hydralisk x3  
  36  31:19  Hydralisk x3  
  38  31:34  Hydralisk  
  38  31:35  Hydralisk x2  
  44  31:43  Lair  
  44  31:48  Hydralisk x2  
  24  32:04  Hydralisk x3  
  30  32:09  Hydralisk x2  
  30  32:10  Hydralisk  
  32  32:31  Zergling x2  
  33  32:50  Hydralisk x3  
  39  33:13  Hydralisk x3  
  39  33:16  Hydralisk x3  
  51  33:41  Hydralisk x3  
  57  33:48  Hydralisk  
  57  33:49  Hydralisk  
  61  33:57  Drone  
  62  34:05  Drone x3  
  65  34:33  Nydus Canal  
  50  35:51  Lurker  
  50  35:53  Lurker  
  52  35:58  Lurker x2  
  52  35:59  Lurker x3  
  36  36:35  Hydralisk x3  
  41  37:00  Hatchery  
  40  37:10  Hatchery  
  39  37:21  Zerg Flyer Weapons Level 2  
  4  38:15  Drone  
  5  38:26  Zergling x6  
  8  38:29  Zergling x6  
  8  38:33  Drone  
  12  38:50  Drone x2  
  14  38:58  Drone  
  15  39:16  Drone  
  15  39:17  Drone x2  
  18  39:37  Zerg Flyer Armor Level 2  
  17  40:07  Drone x2  
  17  40:08  Drone  
  20  40:25  Zergling x6  
  20  40:28  Zergling x6  
  26  40:46  Zergling x2  
  26  40:47  Drone  
  26  40:48  Drone  
  29  40:59  Drone x3  
  24  41:20  Zergling x6  
  22  41:36  Zergling x2  
  23  41:40  Zergling x6  
  25  41:54  Drone  
  26  41:58  Drone  
  26  41:59  Drone  
  28  42:09  Drone x3  
  31  42:27  Drone  
  32  42:39  Drone x3  
  35  42:59  Spore Crawler  
  34  43:12  Hatchery  
  33  43:19  Zergling x6  
  36  43:44  Drone, Extractor  
  18  44:48  Zergling x6  
  20  45:03  Extractor  
  17  45:10  Zergling x6  
  19  45:57  Zergling x6  
  22  46:04  Drone  
  22  46:05  Drone x2  
  23  46:42  Drone x3  
  26  46:47  Zergling x6  
  1  48:47  Hatchery  
    50:03  Drone  
Show
View Real Time Build Order
Export as new Build Order

BillyCoen Protoss - Winner!

Build Orders:  

Get SALT Encoding   

  12  0:11  Probe  
  13  0:23  Probe  
  13  0:28  Assimilator  
  14  0:35  Probe  
  15  0:46  Assimilator  
  15  0:53  Pylon  
  15  0:58  Pylon  
  15  1:01  Pylon  
  15  1:05  Pylon  
  15  1:11  Probe  
  15  1:15  Pylon  
  16  1:23  Probe  
  17  1:36  Probe  
  18  1:44  Gateway  
  18  1:51  Gateway  
  18  2:08  Forge  
  18  2:20  Probe  
  19  2:32  Probe  
  20  2:39  Cybernetics Core  
  20  2:44  Probe  
  21  2:55  Pylon  
  21  3:04  Nexus  
  21  3:13  Pylon  
  21  3:18  Pylon  
  21  3:39  Stalker  
  21  3:40  Stalker  
  25  4:00  Probe  
  26  4:09  Stalker  
  36  4:10  Stalker  
  28  4:12  Probe  
  28  4:16  Protoss Ground Weapons Level 1  
  31  4:22  Warp Gate  
  31  4:25  Probe  
  32  4:39  Stalker  
  34  5:21  Probe  
  34  5:33  Probe  
  35  5:41  Assimilator  
  35  5:45  Probe, Assimilator  
  35  5:47  Stalker x2  
  40  5:57  Probe  
  41  6:09  Probe  
  42  6:17  Stalker x2  
  46  6:26  Robotics Facility  
  46  6:29  Twilight Council  
  46  6:39  Protoss Ground Armor Level 1  
  46  6:47  Stalker x2  
  46  6:49  Probe  
  51  7:01  Probe  
  52  7:13  Probe  
  52  7:14  Blink  
  53  7:17  Stalker x2  
  57  7:25  Probe  
  58  7:37  Probe  
  59  7:47  Stalker x2  
  59  7:50  Probe  
  64  8:02  Probe  
  65  8:14  Probe  
  65  8:17  Stalker x2  
  70  8:26  Probe  
  68  8:47  Protoss Shields Level 1, Stalker x2  
  70  9:17  Stalker x2  
  74  9:39  Nexus  
  74  9:46  Assimilator  
  74  9:47  Stalker x2  
  74  9:50  Assimilator  
  78  9:53  Pylon  
  78  9:57  Pylon  
  78  10:05  Probe  
  79  10:17  Probe, Stalker x2  
  80  10:47  Stalker x2  
  70  10:56  Protoss Ground Weapons Level 2  
  64  11:17  Stalker x2  
  68  11:23  Photon Cannon  
  68  11:27  Photon Cannon  
  68  11:29  Photon Cannon  
  68  11:34  Probe  
  69  11:46  Probe  
  70  11:47  Stalker x2  
  74  11:58  Probe  
  75  12:11  Probe  
  76  12:17  Stalker x2  
  80  12:23  Probe  
  81  12:35  Probe  
  82  12:40  Templar Archives  
  82  12:47  Stalker x2  
  86  13:17  Stalker x2  
  90  13:21  Immortal  
  94  13:40  Protoss Ground Weapons Level 3  
  94  14:01  Immortal  
  98  14:03  Gateway  
  98  14:08  Gateway  
  98  14:10  Gateway  
  98  14:13  Gateway  
  98  14:20  Gateway  
  98  14:23  Gateway  
  98  14:26  Gateway  
  98  14:29  Gateway  
  98  14:32  Gateway  
  98  14:34  Gateway  
  98  14:40  Immortal  
  102  15:19  Immortal  
  106  15:28  Pylon  
  106  15:31  Pylon  
  106  15:43  Pylon  
  106  15:44  High Templar  
  106  15:45  High Templar x5  
  106  15:46  High Templar x5  
  106  15:47  High Templar  
  130  15:50  Pylon  
  130  15:58  Immortal  
  130  16:02  Archon  
  130  16:03  Archon  
  130  16:04  Archon  
  134  16:05  Archon x2  
  134  16:06  Archon  
  134  16:20  High Templar  
  134  16:21  High Templar x5  
  134  16:22  High Templar x5  
  156  16:34  Pylon  
  156  16:38  Protoss Ground Armor Level 2, Pylon  
  156  16:41  Pylon  
  156  16:44  Pylon  
  155  16:52  Immortal  
  145  17:08  Archon  
  145  17:15  Stalker x4  
  151  17:16  Stalker x5  
  151  17:17  Stalker x3  
  169  17:26  Archon  
  169  17:28  Archon  
  169  17:29  Archon  
  169  17:30  Archon  
  169  17:31  Immortal  
  173  18:03  Stalker x3  
  173  18:04  Stalker  
  181  19:12  Protoss Shields Level 2  
  181  19:13  Immortal  
  169  19:52  Immortal  
  165  20:30  Stalker x2  
  165  20:31  Stalker x4  
  165  20:32  Immortal  
  171  22:19  Stalker x3  
  171  22:20  Stalker x2  
  181  22:39  Pylon  
  181  22:41  Pylon  
  181  22:43  Pylon  
  181  22:48  Pylon  
  181  22:49  Pylon  
  181  22:52  Pylon  
  181  23:08  Nexus  
  181  24:04  Assimilator  
  181  25:24  Stalker x2  
  181  25:25  Stalker x6  
  181  25:26  Stalker  
  103  26:55  High Templar  
  103  26:56  High Templar x5  
  103  26:57  High Templar x6  
  127  27:08  Archon x5  
  127  27:11  Archon  
  131  27:22  Immortal  
  131  27:25  Protoss Ground Armor Level 3  
  115  28:02  Immortal  
  119  28:20  High Templar x4  
  119  28:21  High Templar x2  
  131  28:33  Archon x2  
  131  28:34  Archon  
  135  28:41  Immortal  
  135  29:20  Immortal  
  131  29:59  Immortal  
  135  30:23  Protoss Shields Level 3  
  135  30:46  Nexus  
  135  30:49  Assimilator  
  135  30:53  Assimilator  
  135  30:58  Pylon  
  135  31:01  Pylon  
  135  31:31  Assimilator  
  135  32:29  High Templar  
  137  32:30  High Templar  
  139  32:42  Archon  
  139  33:44  High Templar  
  139  33:45  High Templar x3  
  147  33:57  Archon x2  
  124  36:01  High Templar x5  
  124  36:02  High Templar  
  132  38:23  High Templar x3  
  132  38:24  High Templar x4  
  132  38:25  High Templar  
  148  38:31  Archon x2  
  148  38:32  Archon x3  
  148  38:36  Archon x2  
  148  39:14  Dark Shrine  
  148  39:58  Nexus  
  148  40:01  Assimilator  
  132  45:08  High Templar  
  132  45:09  High Templar x6  
  132  45:10  High Templar x5  
  156  46:52  Archon x2  
  156  46:53  Archon x2  
  156  46:54  Archon  
  156  46:55  Archon  
Tags
 
Add a new tag
Caveats
  • Supply blocks, unpowered buildings, or Contaminate may cause inaccurate times.
  • Supply counts are checked every 10 seconds.